 Dungeon Crawl Stone Soup version 0.31-a0-614-gc85dc1c48c (webtiles) character file.

Game seed: 6484253612059703290

197 AdnanSaban the Covered (level 5, -4/33 HPs)
             Began as a Gargoyle Fighter on Aug 22, 2023.
             Slain by a river rat (5 damage)
             ... in a sewer.
             The game lasted 00:02:30 (2742 turns).

AdnanSaban the Covered (Gargoyle Fighter)           Turns: 2742, Time: 00:02:31

Health: -4/33      AC: 15    Str: 22    XL:     5   Next: 75%
Magic:  5/5        EV:  6    Int:  8    God:
Gold:   81         SH:  4    Dex:  9    Spells: 4/4 levels left

rFire   . . .        a - +0 flail
rCold   . . .        c - +0 buckler
rNeg    + . .        r - +0 plate armour
rPois   ∞            (no helmet)
rElec   +            (no cloak)
rCorr   .            (no gloves)
SInv    .            (no boots)
Will    .....        (no amulet) Stlth
                     (no ring)
HPRegen 0.25/turn    (no ring)
MPRegen 0.09/turn

%: no passive effects
@: no status effects
A: sickness immunity, AC +4, negative energy resistance 1, electricity
resistance, torment resistance 1, petrification resistance
a: no special abilities


You were in a sewer.
You visited 1 branch of the dungeon, and saw 4 of its levels.
You also visited: Sewer.

You collected 81 gold pieces.

Inventory:

Hand Weapons
 a - a +0 flail (weapon)
Armour
 c - a +0 buckler (worn)
 r - a +0 plate armour (worn)
Jewellery
 l - a ring of fire
 q - a ring of ice
Scrolls
 e - a scroll of amnesia {unknown}
 f - 3 scrolls of teleportation {unknown}
 h - 5 scrolls of identify {unknown}
 j - a scroll of noise {unknown}
 p - a scroll of silence {unknown}
Potions
 d - a potion of might
 g - a potion of invisibility {unknown}
 i - a potion of attraction {unknown}
 k - a potion of magic {unknown}
 m - a potion of cancellation {unknown}
 n - 2 potions of brilliance {unknown}
 o - a potion of ambrosia {unknown}


   Skills:
 + Level 4.0 Fighting
 + Level 3.5 Maces & Flails
 + Level 4.3 Armour
 + Level 0.9 Dodging
 + Level 0.7 Stealth
 + Level 4.2 Shields


You had 4 spell levels left.
You didn't know any spells.
Your spell library contained the following spells:

 Spells                   Type           Power      Damage    Failure   Level
 Summon Forest            Summ/Tloc      0%         N/A       100%        5
 Eringya's Noxious Bog    Tmut/Pois      0%         4d6       100%        6
 Summon Hydra             Summ           0%         N/A       100%        7


Dungeon Overview and Level Annotations

Branches:
Dungeon (4/15)              Sewer (1/1)
 Temple: D:4-7

Altars:
Yredelemnul


Innate Abilities, Weirdness & Mutations

You are immune to sickness and miasma.
Your stone body is resilient. (AC +4)
You are immune to poison.
You resist negative energy. (rN+)
You are resistant to electric shocks. (rElec)
You are resistant to unholy torment.
You are immune to petrification.


Message History

You are too injured to fight recklessly!
You barely miss the river rat. The river rat bites you.
* * * LOW HITPOINT WARNING * * *
The river rat bites you but does no damage.
The giant cockroach barely misses you.
You hit the river rat.
The river rat is lightly wounded.
The river rat bites you but does no damage.
The giant cockroach bites you but does no damage.
The river rat bites you but does no damage.
The river rat closely misses you.
The giant cockroach bites you but does no damage.
You barely miss the river rat.
The river rat is lightly wounded.
The river rat bites you but does no damage.
The giant cockroach bites you but does no damage.
You block the river rat's attack. The river rat barely misses you.
You closely miss the river rat.
The river rat is lightly wounded.
The giant cockroach bites you but does no damage.
The river rat bites you but does no damage.
The river rat bites you.
* * * LOW HITPOINT WARNING * * *
The giant cockroach bites you but does no damage.
You closely miss the river rat.
The river rat is lightly wounded.
The river rat closely misses you. The river rat bites you.
* * * LOW HITPOINT WARNING * * *
The giant cockroach bites you but does no damage.
The river rat bites you.
* * * LOW HITPOINT WARNING * * *
You hit the giant cockroach but do no damage.
You block the giant cockroach's attack.
The river rat bites you but does no damage.
You block the giant cockroach's attack.
The river rat bites you but does no damage. x2
You barely miss the giant cockroach.
The giant cockroach bites you but does no damage.
The river rat bites you.
You die...

#...~~...# #.~#
########## #..#
##..# # #...#
#~ ##~†## #~.
###..~# ##~~#
##~~...# ~~..~#
##.~..~##
~~~~.~##@r~.###
#.~.†Br~##
##.~~..##
##....#
~~.~...#
#~.~~....#
..~~~~~#~~.#
.~~.#..~##.~..
#####.~## #...#


You could see 2 river rats and a giant cockroach.

Vanquished Creatures
  2 orc priests (D:4)
  An orc wizard (D:4)
  2 adders (D:2)
  A worm (D:3)
  A dart slug (D:3)
  6 orcs
  13 ball pythons
  13 endoplasms
  7 giant cockroaches
  5 goblins
  4 hobgoblins
  4 kobolds
  4 quokkas
  7 bats
  9 frilled lizards
  6 rats
85 creatures vanquished.

Notes
Turn   | Place    | Note
-------+----------+-------------------------------------------
     0 | D:1      | AdnanSaban the Gargoyle Fighter began the quest for the
                  | Orb.
     0 | D:1      | Reached XP level 1. HP: 14/14 MP: 1/1
    99 | D:1      | Reached XP level 2. HP: 19/19 MP: 2/2
   778 | D:2      | Reached XP level 3. HP: 17/23 MP: 3/3
   888 | D:2      | Found a faded altar of an unknown god.
  1214 | D:2      | Identified the +0 leather armour of Mipnio {-Cast rN+
                  | Regen+ Dex-3 SInv}
  1634 | D:3      | Reached XP level 4. HP: 28/29 MP: 4/4
  1767 | D:3      | Found a basalt altar of Yredelemnul.
  2436 | D:4      | Reached XP level 5. HP: 32/33 MP: 5/5
  2484 | D:4      | Found a glowing drain.
  2511 | Sewer    | Entered a sewer
  2740 | Sewer    | HP: 1/33 [river rat (5)]
  2742 | Sewer    | Slain by a river rat

Illustrated notes

Levels and vault maps discovered:
D:1:      dpeg_arrival_fog, layout_loops_cross
D:2:      layout_basic, shapermc_ecumenical_altar_gd
D:3:      layout_basic, mainiacjoe_overflow_surrounded_room
D:4:      layout_layer_cave, gup_sewer_entry_pipe, minmay_misc_feat_more_columns
Sewer:    sewer_hellmonk_slimy_pipes

Skill      XL: |  1  2  3  4  5 |
---------------+----------------+-----
Maces & Flails | 3 |  3.5
Armour         | 4 |  4.3
Shields        | 4 |  4.2
Fighting       | 4 |  4.0
Dodging        | |  0.9
Stealth        | |  0.7

Action                     |  1- 3 |  4- 6 || total
---------------------------+-------+-------++-------
  Melee: Flail             |   126 |   163 ||   289
 Armour: Scale mail        |    69 |    25 ||    94
         Plate armour      |       |   149 ||   149
  Dodge: Dodged            |    68 |    68 ||   136
  Block: Buckler           |    33 |    48 ||    81

Table legend: (Time is in decaauts)
 A = Elapsed time spent in this place.
 B = Non-inter-level travel time spent in this place.
 C = Inter-level travel time spent in this place.
 D = Time resting spent in this place.
 E = Time spent auto-exploring this place.
 F = Levels seen in this place.
 G = Mean time per level.
                   A        B        C        D        E       F      G
               +--------+--------+--------+--------+--------+-----+--------+
         Total |   2844 |   2794 |     50 |      0 |   2147 |   5 |  568.8 |
       Dungeon |   2588 |   2538 |     50 |      0 |   2003 |   4 |  647.0 |
         Sewer |    256 |    256 |      0 |      0 |    144 |   1 |  256.0 |
               +--------+--------+--------+--------+--------+-----+--------+

Top non-repeatable levels by time:
     D:2: 930 daAuts
     D:1: 738 daAuts
     D:3: 686 daAuts
   Sewer: 256 daAuts
     D:4: 232 daAuts
